 Dungeon Crawl Stone Soup version 0.23.2-1-ga50397a (webtiles) character file.

Game seed: 16165404621163050500

130 Borgoz the Slasher (level 4, 0/34 HPs)
             Began as a Demonspawn Gladiator on May 15, 2019.
             Killed by nerve-wracking pain
             ... invoked by Grinder
              (12 damage)
             ... on level 3 of the Dungeon.
             The game lasted 00:06:18 (2104 turns).

Borgoz the Slasher (Demonspawn Gladiator)           Turns: 2104, Time: 00:06:19

Health: 0/34       AC:  7    Str: 14      XL:     4   Next: 90%
Magic:  4/4        EV: 11    Int: 10      God:
Gold:   104        SH:  0    Dex: 11 (15) Spells: 3/3 levels left

rFire    . . .     SeeInvis .   a - +0 long sword
rCold    . . .     Gourm    .   (no shield)
rNeg     . . .     Faith    .   g - +0 ring mail
rPois    .         Spirit   .   (helmet restricted)
rElec    .         Reflect  .   (no cloak)
rCorr    .         Harm     .   (no gloves)
MR       .....                  (no boots)
Stlth    +.........             (no amulet)
HPRegen  0.11/turn              (no ring)
MPRegen  0.09/turn              (no ring)

@: no status effects
A: horns 1, thin metallic scales 1, high mp 1, mutation resistance 1, rot
immunity
a: no special abilities


You were on level 3 of the Dungeon.
You were not hungry.

You visited 1 branch of the dungeon, and saw 3 of its levels.

You collected 104 gold pieces.

Inventory:

Hand Weapons
 a - a +0 long sword (weapon)
Missiles
 d - a throwing net (quivered)
Armour
 g - a +0 ring mail (worn)
 n - a +0 scale mail
Scrolls
 b - a scroll of identify
 e - 2 scrolls of teleportation
 k - 2 scrolls of remove curse
 m - a scroll of magic mapping
Potions
 j - a potion of magic {unknown}
 l - a potion of curing {unknown}
Comestibles
 c - 3 chunks of flesh
 f - 4 rations


   Skills:
 + Level 2.8 Fighting
 * Level 3.9 Long Blades
 - Level 1.7 Throwing
 + Level 1.5 Armour
 + Level 3.3 Dodging


You had 3 spell levels left.
You didn't know any spells.
Your spell library was empty.

Dungeon Overview and Level Annotations

Branches:
Dungeon (3/15)

Altars:
Elyvilon

Annotations:
D:3 Grinder


Innate Abilities, Weirdness & Mutations

You have a pair of small horns on your head.
You are partially covered in thin metallic scales. (AC +2)
You are immune to rotting.
You have an increased reservoir of magic. (+10% MP)
You are somewhat resistant to further mutation.


Message History

The slug dart hits you. The dart slug launches a dart at you.
The slug dart hits you!
The dart slug bites you but does no damage.
Grinder gestures at you. You resist with significant effort.
The dart slug bites you but does no damage.
Grinder gestures at you.
You shrug off the repeated paralysis!
The dart slug bites you but does no damage.
You can move again.
Unknown command.
You hit the dart slug. You headbutt the dart slug.
The dart slug is severely wounded.
The dart slug bites you but does no damage.
You slash the dart slug!
You kill the dart slug!
Grinder gestures at you. Pain shoots through your body!
You die...

#$.......# ####
##........##...## .
................ ..##
##...............
#....###.<..#
#......... #......#..#
#......... +......÷..#
#.........
#.........###†5..###..
#####......##@...#
#.......)#####
#........# ##.......#
#....[..# ..........#
...........#
.......)....
.....#####...


You could see Grinder.

Vanquished Creatures
  A quasit (D:2)
  Terence (D:2)
  An adder (D:2)
  2 worms (D:2)
  2 dart slugs
  3 leopard geckos (D:2)
  6 bats
  3 giant cockroaches (D:2)
  3 goblins
  7 hobgoblins
  7 jackals (D:1)
  3 kobolds (D:1)
  A ball python (D:2)
  2 frilled lizards (D:1)
  7 rats
49 creatures vanquished.

Vanquished Creatures (others)
  A leopard gecko (D:2)
1 creature vanquished.

Grand Total: 50 creatures vanquished

Notes
Turn   | Place    | Note
-------+----------+-------------------------------------------
     0 | D:1      | Borgoz the Demonspawn Gladiator began the quest for the
                  | Orb.
     0 | D:1      | Reached XP level 1. HP: 16/16 MP: 1/1
   330 | D:1      | Gained mutation: You have a pair of small horns on your
                  | head. [demonic ancestry]
   330 | D:1      | Reached XP level 2. HP: 22/22 MP: 2/2
  1056 | D:2      | Reached skill level 1 in Armour
  1056 | D:2      | Gained mutation: You are partially covered in thin metallic
                  | scales. (AC +2) [demonic ancestry]
  1056 | D:2      | Reached XP level 3. HP: 8/28 MP: 3/3
  1101 | D:2      | Noticed Terence
  1283 | D:2      | Killed Terence
  1283 | D:2      | Gained mutation: You are immune to rotting. [demonic
                  | ancestry]
  1283 | D:2      | Reached XP level 4. HP: 21/34 MP: 4/4
  1415 | D:2      | Found a white marble altar of Elyvilon.
  2065 | D:3      | Noticed Grinder
  2086 | D:3      | Gained mutation: You have an increased reservoir of magic.
                  | (+10% MP) [potion of mutation]
  2086 | D:3      | Gained mutation: You are somewhat resistant to further
                  | mutation. [potion of mutation]
  2088 | D:3      | Paralysed by Grinder for 5 turns
  2096 | D:3      | Paralysed by Grinder for 7 turns
  2104 | D:3      | Killed from afar by Grinder

Skill      XL: |  1  2 |
---------------+-------+-----
Long Blades    | 3 |  3.9
Armour         | 1 |  1.5
Dodging        | 3 |  3.3
Fighting       | |  2.8
Throwing       | |  1.7

Action                   |  1- 3 |  4- 6 || total
-------------------------+-------+-------++-------
Melee: Long sword        |    68 |    56 ||   124
       Headbutt          |    11 |     9 ||    20
Throw: Throwing net      |     3 |       ||     3
  Use: Scroll            |       |     5 ||     5
       Potion            |       |     2 ||     2
 Stab: Held in net/web   |     1 |       ||     1
  Eat: Chunk             |       |     4 ||     4
Armor: Leather armour    |    34 |       ||    34
       Ring mail         |       |    36 ||    36
Dodge: Dodged            |    77 |    43 ||   120
       Rpst.: Long sword |    17 |    12 ||    29
